 Dungeon Crawl Stone Soup version 0.23.0 (webtiles) character file.

Game seed: 17126829304101140107

859216 Mgcat the Slayer (level 27, -2/288 HPs)
             Began as an Ogre Fighter on Feb 12, 2019.
             Was the Champion of Okawaru.
             Slain by a red devil
             ... wielding a +0 trident
             ... led by a balrug
              (9 damage)
             ... in Pandemonium on Feb 13, 2019.
             The game lasted 03:42:52 (85850 turns).

Mgcat the Slayer (Ogre Fighter)                    Turns: 85850, Time: 03:42:53

Health: -2/288     AC: 37    Str: 31    XL:     27
Magic:  31/42      EV: 22    Int: 11    God:    Okawaru [******]
Gold:   7552       SH: 27    Dex:  9    Spells: 30/56 levels left

rFire    + . .     SeeInvis +   J - +9 broad axe of a treasure trove {chop, rPois rC+ rN+}
rCold    + + .     Gourm    +   w - +0 large shield of Distant Worlds {rElec rN++}
rNeg     + + +     Faith    .   c - +9 storm dragon scales
rPois    +         Spirit   .   q - +2 hat {SInv}
rElec    +         Reflect  .   r - +2 cloak {MR+}
rCorr    .         Harm     .   (gloves unavailable)
MR       +++..                  (boots unavailable)
Stlth    ..........             k - amulet "Talucist" {Gourm rC+ Slay+2}
HPRegen  0.58/turn              Z - ring "Xigoif" {rF+ AC+3 Int+3}
MPRegen  0.28/turn              M - ring of Phasing {EV+8}

@: heroism, weakened, sap magic
A: large, unfitting armour, yellow scales 1, blurry vision 3, deformed body,
deterioration 1, dopey 2, frail 1, poison resistance, screaming 1, tough skin 1,
weak 1, no potion heal 1, subdued magic 1
}: 7/15 runes: decaying, slimy, silver, abyssal, demonic, dark, gossamer
a: Heroism, Finesse, Renounce Religion


You were in Pandemonium.
You worshipped Okawaru.
Okawaru was exalted by your worship.
You were full.

You visited 11 branches of the dungeon, and saw 57 of its levels.
You visited Pandemonium 1 time, and saw 7 of its levels.
You visited the Abyss 2 times.
You visited 1 bazaar.
You also visited: Bailey and Ice Cave.

You collected 11558 gold pieces.
You spent 4006 gold pieces at shops.

Inventory:

Hand Weapons
 a - a +9 broad axe of freezing
   (Okawaru gifted it to you on level 5 of the Lair of Beasts)
 J - the +9 broad axe of a treasure trove (weapon) {chop, rPois rC+ rN+}
   (Okawaru gifted it to you on level 5 of the Vaults)

   It inflicts extra damage upon your enemies.
   It protects you from cold.
   It protects you from poison.
   It protects you from negative energy.
Missiles
 m - 2 throwing nets {=f, !d}
 o - 20 javelins of penetration (quivered)
 F - 35 steel javelins
Armour
 c - +9 storm dragon scales (worn)
   (You acquired it on level 12 of the Dungeon)
 q - a +2 hat of see invisible (worn)
   (Okawaru gifted it to you on level 2 of the Depths)
 r - a +2 cloak of magic resistance (worn)
   (You found it on level 1 of the Lair of Beasts)
 w - the +0 large shield of Distant Worlds (worn) {rElec rN++}
   (Okawaru gifted it to you on level 15 of the Dungeon)

   It insulates you from electricity.
   It greatly protects you from negative energy.
 x - the +8 large shield "Alaoleit" {rElec rPois Int+3 Stlth-}
   (Okawaru gifted it to you in Pandemonium)

   It affects your intelligence (+3).
   It insulates you from electricity.
   It protects you from poison.
   It makes you less stealthy.
 T - a scarf of resistance
   (You found it on level 2 of the Depths)
Jewellery
 k - the amulet "Talucist" (around neck) {Gourm rC+ Slay+2}
   (You found it on level 2 of the Elven Halls)

   [amulet of the gourmand]

   It allows you to eat raw meat even when not hungry.
   It affects your accuracy and damage with ranged weapons and melee attacks
   (+2).
   It protects you from cold.
 M - the ring of Phasing (right hand) {EV+8}
   (You bought it in a shop on level 2 of the Orcish Mines)

   [ring of evasion]

   It affects your evasion (+8).
 Z - the ring "Xigoif" (left hand) {rF+ AC+3 Int+3}
   (You took it off a deep elf knight on level 3 of the Elven Halls)

   [ring of protection]

   It affects your AC (+3).
   It affects your intelligence (+3).
   It protects you from fire.
Wands
 y - a wand of clouds (3)
   (You found it on level 3 of the Lair of Beasts)
 G - a wand of digging (8)
   (You found it on level 5 of the Vaults)
 N - a wand of acid (27)
   (You found it on level 6 of the Lair of Beasts)
 P - a wand of scattershot (10)
   (You bought it in a shop in a bazaar)
Scrolls
 e - 35 scrolls of remove curse
 h - 36 scrolls of identify
 j - 8 scrolls of blinking {!r}
 n - 10 scrolls of fog
 p - a scroll of holy word {!r}
 s - 4 scrolls of summoning
 A - 3 scrolls of silence
 B - 26 scrolls of teleportation
 O - 7 scrolls of magic mapping {!r}
Potions
 b - 5 potions of invisibility
 d - 2 potions of might
 i - 11 potions of mutation {!q}
 l - 11 potions of curing
 t - 14 potions of haste
 C - 6 potions of agility
 D - a potion of berserk rage {!q}
 E - 5 potions of resistance
 I - 4 potions of brilliance
 K - 9 potions of heal wounds
 Q - 7 potions of ambrosia
 W - 2 potions of cancellation
Miscellaneous
 u - 3 boxes of beasts
 v - a lamp of fire
   (You found it on level 9 of the Dungeon)
 z - 2 sacks of spiders
 R - a phial of floods
   (You found it on level 2 of the Elven Halls)
 Y - 4 phantom mirrors
Comestibles
 f - 79 rations


   Skills:
 - Level 26.6(27) Fighting
 - Level 22.0(27) Axes
 + Level 18.4(23.4) Throwing
 - Level 20.0(25.0) Armour
 - Level 10.0(15.0) Dodging
 + Level 20.8(25.8) Shields
 - Level 15.0 Spellcasting
 + Level 10.9 Charms
 - Level 14.0 Summonings
 + Level 11.0 Necromancy
 - Level 5.0 Air Magic
 - Level 10.0 Invocations
 - Level 10.0 Evocations


You had 30 spell levels left.
You knew the following spells:

 Your Spells              Type           Power        Failure   Level  Hunger
a - Regeneration          Chrm/Necr      ###.......   1%          3    None
b - Swiftness             Chrm/Air       ###.....     1%          2    None
c - Aura of Abjuration    Summ           ####......   1%          5    #####..
d - Borgnjor's Revivific  Necr           ###.......   100%        8    #######
e - Death's Door          Chrm/Necr      ###.......   100%        8    #######

Your spell library contained the following spells:

 Spells                   Type           Power        Failure   Level  Hunger
 Animate Skeleton         Necr           N/A          1%          1    None
 Pain                     Necr           ###.         1%          1    None
 Summon Small Mammal      Summ           ####         1%          1    None
 Call Imp                 Summ           ####....     1%          2    None
 Corpse Rot               Necr           N/A          1%          2    None
 Shroud of Golubria       Chrm/Tloc      ###.......   1%          2    None
 Sublimation of Blood     Necr           ###.......   1%          2    None
 Call Canine Familiar     Summ           ####....     1%          3    None
 Recall                   Summ/Tloc      N/A          1%          3    None
 Summon Guardian Golem    Hex/Summ       ###.....     1%          3    None
 Vampiric Draining        Necr           ###.......   1%          3    None
 Animate Dead             Necr           N/A          1%          4    ###....
 Summon Demon             Summ           ####......   1%          5    #####..
 Summon Lightning Spire   Summ/Air       ###.....     2%          4    ###....
 Agony                    Necr           ###.....     3%          5    #####..
 Dispel Undead            Necr           ###.....     3%          5    #####..
 Excruciating Wounds      Chrm/Necr      ###.......   3%          5    #####..
 Shock                    Conj/Air       ##..         4%          1    None
 Ozocubu's Armour         Chrm/Ice       ###.....     4%          3    None
 Shadow Creatures         Summ           N/A          6%          6    ######.
 Poisonous Vapours        Pois/Air       ##....       7%          2    None
 Summon Ice Beast         Ice/Summ       ###.....     7%          4    ###....
 Beastly Appendage        Tmut           #.....       13%         1    None
 Flame Tongue             Conj/Fire      #....        13%         1    None
 Freeze                   Ice            #...         13%         1    None
 Magic Dart               Conj           #...         13%         1    None
 Sting                    Conj/Pois      #...         13%         1    None
 Static Discharge         Conj/Air       ##......     14%         3    None
 Airstrike                Air            ##........   17%         4    ###....
 Ensorcelled Hibernation  Hex/Ice        #.....       21%         2    None
 Passwall                 Tmut/Erth      #.......     21%         2    None
 Searing Ray              Conj           #.....       21%         2    None
 Sticks to Snakes         Tmut           #.......     21%         2    None
 Throw Flame              Conj/Fire      #.....       21%         2    None
 Throw Frost              Conj/Ice       #.....       21%         2    None
 Mephitic Cloud           Conj/Pois/Air  #.......     21%         3    None
 Summon Forest            Summ/Tloc      ###.......   22%         5    #####..
 Summon Mana Viper        Hex/Summ       ###.....     22%         5    #####..
 Summon Hydra             Summ           ####......   36%         7    #######
 Conjure Flame            Conj/Fire      #.......     38%         3    None
 Dazzling Spray           Conj/Hex       #.....       38%         3    None
 Gell's Gravitas          Tloc           #.........   38%         3    None
 Ignite Poison            Fire/Tmut/Pois #.......     38%         3    None
 Inner Flame              Hex/Fire       #.......     38%         3    None
 Portal Projectile        Hex/Tloc       #.....       38%         3    None
 Spider Form              Tmut/Pois      #.........   38%         3    None
 Stone Arrow              Conj/Erth      #.....       38%         3    None
 Bolt of Draining         Conj/Necr      ###.......   38%         5    #####..
 Borgnjor's Vile Clutch   Necr/Erth      ###.......   38%         5    #####..
 Iskenderun's Battlesphe  Conj/Chrm      ###.....     38%         5    #####..
 Haunt                    Necr/Summ      ####......   58%         7    #######
 Deflect Missiles         Chrm/Air       ###.......   63%         6    ######.
 Cause Fear               Hex            #.........   82%         4    ###....
 Force Lance              Conj/Tloc      #.......     82%         4    ###....
 Fulminant Prism          Conj/Hex       #.........   82%         4    ###....
 Ice Form                 Ice/Tmut       #.......     82%         4    ###....
 Iskenderun's Mystic Bla  Conj           #.......     82%         4    ###....
 Leda's Liquefaction      Hex/Erth       #.........   82%         4    ###....
 Olgreb's Toxic Radiance  Pois           #.......     82%         4    ###....
 Passage of Golubria      Tloc           N/A          82%         4    ###....
 Petrify                  Tmut/Erth      #.......     82%         4    ###....
 Sticky Flame             Conj/Fire      #.......     82%         4    ###....
 Throw Icicle             Conj/Ice       #.......     82%         4    ###....
 Lightning Bolt           Conj/Air       ##........   82%         5    #####..
 Silence                  Hex/Air        ##........   82%         5    #####..
 Alistair's Intoxication  Tmut/Pois      #.......     99%         5    #####..
 Blade Hands              Tmut           #.........   99%         5    #####..
 Bolt of Magma            Conj/Fire/Erth #.........   99%         5    #####..
 Fireball                 Conj/Fire      #.........   99%         5    #####..
 Irradiate                Conj/Tmut      #.........   99%         5    #####..
 Lee's Rapid Deconstruct  Erth           #.........   99%         5    #####..
 Venom Bolt               Conj/Pois      #.........   99%         5    #####..
 Yara's Violent Unravell  Hex/Tmut       #.........   99%         5    #####..
 Bolt of Cold             Conj/Ice       #.........   100%        6    ######.
 Bolt of Fire             Conj/Fire      #.........   100%        6    ######.
 Darkness                 Hex            #.........   100%        6    ######.
 Freezing Cloud           Conj/Ice/Air   #.........   100%        6    ######.
 Hydra Form               Tmut           #.........   100%        6    ######.
 Invisibility             Hex            #.......     100%        6    ######.
 Iron Shot                Conj/Erth      #.........   100%        6    ######.
 Statue Form              Tmut/Erth      #........    100%        6    ######.
 Dragon Form              Tmut           #.........   100%        7    #######
 Orb of Destruction       Conj           #.........   100%        7    #######
 Ring of Flames           Chrm/Fire      ###.......   100%        7    #######
 Spellforged Servitor     Conj/Summ      ###.......   100%        7    #######
 Discord                  Hex            #.........   100%        8    #######
 Disjunction              Tloc           #.........   100%        8    #######
 Infestation              Necr           ###.......   100%        8    #######
 Necromutation            Tmut/Necr      ###.......   100%        8    #######
 Dragon's Call            Summ           ####......   100%        9    #######


Dungeon Overview and Level Annotations

Branches:
Dungeon (15/15)            Temple (0/1) D:7            Lair (6/6) D:11
  Swamp (4/4) Lair:4       Spider (4/4) Lair:4        Slime (5/5) Lair:6
    Orc (2/2) D:9             Elf (3/3) Orc:2        Vaults (5/5) D:14
  Crypt (3/3) Vaults:3       Tomb (0/3) Crypt:3      Depths (5/5) D:15
    Zot (5/5) Depths:5

Altars:
Dithmenos
Elyvilon
Fedhas
Kikubaaqudgha
Makhleb
Nemelex Xobeh
Okawaru
Ru
Sif Muna
Trog
Uskayaw
Vehumet
Wu Jian
Xom
Zin
The Shining One
Beogh
Jiyva

Shops:
D:9 :   D:13 =   Orc:2 *(=[   Elf:2 [   Elf:3 (   Vaults:1 (   Vaults:4 *

Portals:
Hell: Depths:1 Depths:2 Depths:3 Depths:4 Depths:5
Abyss: Depths:2 Depths:4
Pandemonium: Depths:1 Depths:3 Depths:4
Ziggurat: Depths:5
Trove: Depths:1 (give 2 scrolls of acquirement)

Annotations:
D:15 3 runed translucent doors, Wounkef's ghost, journeyman OpGl
Lair:3 3 runed translucent doors, exclusion: oklob plant, Feulaj's ghost, journeyman MiBe
Spider:2 1 runed translucent door, feelmyfire's ghost, adept DrTm
Orc:2 2 transporters, EtherCrawl's ghost, journeyman MfTm


Innate Abilities, Weirdness & Mutations

You are too large for most types of armour.
You have tough skin. (AC +1)
You are partially covered in yellow scales. (AC +2)
Scrolls take you much longer to read.
Armour fits poorly on your strangely shaped body.
Your body sometimes deteriorates upon taking damage.
You are very dopey. (Int -4)
You are frail. (-10% HP)
Your system is resistant to poisons. (rPois)
You occasionally shout uncontrollably at your foes.
You are weak. (Str -2)
Potions are less effective at restoring your health.
Your spells are a little easier to cast, but a little less powerful.


Message History

Unknown command.
Spoiler Alert: The infernal warmonger can sap your magic and summon a grand avatar!
Unknown command.
Spoiler Alert: The infernal warmonger can sap your magic and summon a grand avatar!
You slash the monstrous demonspawn!
The monstrous demonspawn is heavily wounded.
The infernal warmonger blocks your attack.
You block the monstrous demonspawn's attack. x2
The monstrous demonspawn completely misses you.
A large abomination comes into view. x2
Spoiler Alert: The infernal warmonger can sap your magic and summon a grand avatar!
Unknown command.
Spoiler Alert: The infernal warmonger can sap your magic and summon a grand avatar!
Unknown command.
Spoiler Alert: The infernal warmonger can sap your magic and summon a grand avatar!
Unknown command.
Spoiler Alert: The infernal warmonger can sap your magic and summon a grand avatar!
Unknown command.
Spoiler Alert: The infernal warmonger can sap your magic and summon a grand avatar!
You barely miss the monstrous demonspawn.
The monstrous demonspawn is heavily wounded.
You slice the large abomination!!
The infernal warmonger blocks your attack.
You block the large abomination's attack.
The infernal warmonger invokes the aid of its god against you.
Nothing appears to happen.
You block the red devil's attack.
The monstrous demonspawn hits you but does no damage.
The monstrous demonspawn completely misses you.
You block the monstrous demonspawn's attack.
Spoiler Alert: The infernal warmonger can sap your magic and summon a grand avatar!
Unknown command.
Spoiler Alert: The infernal warmonger can sap your magic and summon a grand avatar!
Unknown command.
Spoiler Alert: The infernal warmonger can sap your magic and summon a grand avatar!
Unknown command.
Spoiler Alert: The infernal warmonger can sap your magic and summon a grand avatar!
You slash the monstrous demonspawn!
The monstrous demonspawn is severely wounded.
You hit the large abomination but do no damage.
You barely miss the infernal warmonger.
You block the large abomination's attack.
You block the infernal warmonger's attack.
The red devil completely misses you.
You block the monstrous demonspawn's attack.
The monstrous demonspawn barely misses you.
The monstrous demonspawn completely misses you.
Spoiler Alert: The infernal warmonger can sap your magic and summon a grand avatar!
Unknown command.
Spoiler Alert: The infernal warmonger can sap your magic and summon a grand avatar!
Unknown command.
Spoiler Alert: The infernal warmonger can sap your magic and summon a grand avatar!
You closely miss the monstrous demonspawn.
The monstrous demonspawn is severely wounded.
You slash the large abomination!
The infernal warmonger blocks your attack.
You block the large abomination's attack.
The infernal warmonger hits you with a +4 demon whip of electrocution!
* * * LOW HITPOINT WARNING * * *
You are engulfed in flames!
You resist.
* * * LOW HITPOINT WARNING * * *
You feel as though you will be weak longer.
You take 24 damage, and have 17/288 hp.
Spoiler Alert: The infernal warmonger can sap your magic and summon a grand avatar!
Unknown command.
Spoiler Alert: The infernal warmonger can sap your magic and summon a grand avatar!
Unknown command.
Spoiler Alert: The infernal warmonger can sap your magic and summon a grand avatar!
Unknown command.
Spoiler Alert: The infernal warmonger can sap your magic and summon a grand avatar!
You slash the monstrous demonspawn!
The monstrous demonspawn is almost dead.
The infernal warmonger blocks your attack.
You completely miss the large abomination.
You block the monstrous demonspawn's attack. x2
The monstrous demonspawn gores you!
* * * LOW HITPOINT WARNING * * *
You resist. You block the red devil's attack.
You block the large abomination's attack.
You take 10 damage, and have 7/288 hp.
Spoiler Alert: The infernal warmonger can sap your magic and summon a grand avatar!
Unknown command.
Spoiler Alert: The infernal warmonger can sap your magic and summon a grand avatar!
Unknown command.
Spoiler Alert: The infernal warmonger can sap your magic and summon a grand avatar!
Unknown command.
Spoiler Alert: The infernal warmonger can sap your magic and summon a grand avatar!
Okay, then.
Spoiler Alert: The infernal warmonger can sap your magic and summon a grand avatar!
Unknown command.
Spoiler Alert: The infernal warmonger can sap your magic and summon a grand avatar!
Unknown command.
Spoiler Alert: The infernal warmonger can sap your magic and summon a grand avatar!
Really read
j - 8 scrolls of blinking {!r}?
Really read with blurry vision while enemies are nearby?
You block the infernal warmonger's attack.
You block the monstrous demonspawn's attack.
The monstrous demonspawn claws you but does no damage.
You block the monstrous demonspawn's attack.
The red devil hits you from afar with a +0 trident!
You die...

...............(
.................
..................
#..................
#..................
#..................
#..........4)......
#.........6.6......
#..........@X..X...
#.........).....X..
#∩.....)..........
##................
########....##########..
............# .
............#
########....# ..# #....#


You could see a monstrous demonspawn, an infernal warmonger, 3 large
abominations and a red devil.

Vanquished Creatures
  the Royal Jelly (Slime:5)
  Gloorx Vloq (Pan)
  3 orbs of fire
  6 ancient liches
  The ghost of Xenat the Impregnable, a veteran MiGl of Hepliaklqana (Crypt:1)
  The ghost of Xenat the Impregnable, a veteran MiGl of Hepliaklqana (Crypt:1)
  Xtahua (Depths:3)
  8 Killer Klowns
  3 caustic shrikes (Depths:5)
  3 curse toes
  11 golden dragons
  2 pandemonium lords (Pan)
  6 bone dragons
  the Enchantress (Depths:4)
  2 Brimstone Fiends (Pan)
  3 Hell Sentinels (Pan)
  2 hellephants (Abyss:3)
  A Tzitzimitl (Pan)
  4 electric golems
  4 Ice Fiends (Pan)
  9 liches
  10 tentacled monstrosities
  25 Orb Guardians (Zot:5)
  Asterion (Spider:4)
  18 acid blobs
  6 titans (Vaults:5)
  A tentacled starspawn (Abyss:2)
  Frances (Elf:1)
  9 quicksilver dragons
  A deep elf master archer (Elf:3)
  26 Executioners
  7 death cobs
  5 ancient champions (Crypt:3)
  Agnes (Elf:2)
  A sphinx (Vaults:4)
  8 tengu reavers
  Kirke (Swamp:2)
  13 shadow dragons
  9 azure jellies
  A revenant (Crypt:2)
  5 draconian monks
  7 storm dragons
  21 vault wardens
  2 iron dragons (Vaults:5)
  5 fire giants
  8 draconian knights
  A daeva (Depths:5)
  8 balrugs
  4 frost giants
  9 ghost moths
  6 draconian scorchers
  11 deep elf sorcerers
  5 cacodemons (Pan)
  3 orc warlords
  6 warmongers (Pan)
  Aizul (Crypt:1)
  7 deep elf elementalists
  3 curse skulls
  3 reapers (Pan)
  An angel (Depths:5)
  6 emperor scorpions
  4 draconian annihilators
  10 draconian shifters
  4 spriggan defenders (Depths:4)
  11 ironheart preservers
  4 caustic shrike skeletons (Crypt:3)
  Louise (Spider:4)
  17 very ugly things
  9 ghouls
  A war gargoyle (Vaults:5)
  9 draconian stormcallers
  16 stone giants
  5 blood saints (Pan)
  7 corrupters (Pan)
  5 entropy weavers
  11 lorocyprocas (Pan)
  3 vampire knights (Crypt:2)
  Azrael (Spider:3)
  9 deep elf demonologists
  8 dire elephants (Abyss:3)
  16 green draconians
  17 purple draconians
  9 black draconians
  11 black suns (Pan)
  9 deep elf annihilators (Elf:3)
  17 red draconians
  8 white draconians
  2 merfolk javelineers (Depths:2)
  5 eidola
  9 spark wasps
  7 yellow draconians
  13 ettins
  6 death oozes
  12 blizzard demons
  Josephine (Lair:6)
  6 green deaths
  10 deep elf death magi
  17 fire dragons
  9 jiangshi
  9 great orbs of eyes
  18 yaktaur captains
  6 deep elf high priests
  A quicksilver dragon skeleton (Crypt:2)
  9 ice dragons
  5 rakshasas
  2 spriggan air magi
  17 hydras
  44 vault guards
  7 monstrous demonspawn (Pan)
  2 ghost crabs (Swamp:4)
  7 death knights
  An anaconda (shapeshifter) (Vaults:5)
  5 centaur warriors
  Erica (Lair:2)
  3 shambling mangroves
  A two-headed ogre (shapeshifter) (Depths:5)
  A queen ant (Lair:2)
  32 two-headed ogres
  3 catoblepae (Lair:6)
  10 ogre magi
  33 dancing weapons
  11 alligators
  8 vampire magi
  5 deep troll shamans
  7 spriggan berserkers
  9 deep troll earth magi
  18 death yaks
  4 small abominations
  4 orc high priests (Orc:2)
  A tengu warrior (Depths:5)
  5 thrashing horrors
  7 spriggans
  A titan zombie (Crypt:2)
  20 soul eaters
  2 storm dragon zombies
  23 sun demons
  12 hell knights (Depths:2)
  21 deep elf knights
  12 shadow wraiths
  71 skeletal warriors
  2 unseen horrors
  2 wretched stars
  2 iron trolls (Depths:4)
  4 spatial maelstroms
  6 titan skeletons
  11 sixfirhies
  A sea snake (shapeshifter) (Elf:3)
  21 deep trolls
  A golden dragon zombie (Abyss:1)
  3 shadow demons (Pan)
  4 storm dragon skeletons
  8 flayed ghosts
  3 spriggan druids
  5 wizards
  9 infernal demonspawn (Pan)
  13 torturous demonspawn
  2 swamp dragons (Swamp:4)
  A cherub (Pan)
  14 deep elf archers
  6 harpies
  3 glowing orange brains
  3 spectral hydras (Swamp:4)
  A swamp dragon (shapeshifter) (Depths:3)
  2 wolf spider zombies
  8 gelid demonspawn (Pan)
  15 ironbrand convokers
  16 phantasmal warriors
  2 golden dragon skeletons
  15 orc knights
  31 wolf spiders
  6 necromancers
  A frost giant zombie (Abyss:3)
  A mana viper (shapeshifter) (Vaults:1)
  3 shadow dragon skeletons
  21 orb spiders
  5 orc sorcerers
  5 cyclopes
  A cyclops (shapeshifter) (D:14)
  6 manticores
  52 ugly things
  A worldbinder (Abyss:2)
  68 deep elf magi
  5 shining eyes
  2 fire giant skeletons
  2 iron dragon skeletons
  3 fire giant zombies
  A sphinx skeleton (Depths:3)
  An elephant (shapeshifter) (Depths:4)
  20 moths of wrath
  4 elephants
  The ghost of Folque the Magician, a novice DrEE of Sif Muna (D:8)
  2 rust devils (Pan)
  An apocalypse crab (Abyss:2)
  3 guardian serpents (shapeshifter)
  An eye of devastation (Slime:4)
  4 stone giant skeletons
  4 human skeletons
  15 vault sentinels
  4 black mambas
  An eye of devastation (shapeshifter) (Vaults:2)
  22 smoke demons
  18 spiny frogs
  13 orange demons
  3 torpor snails
  3 dire elephant skeletons
  A pale draconian zombie (Crypt:1)
  2 human zombies (Vaults:4)
  5 spectral swamp worms (Depths:1)
  6 kobold demonologists
  3 hellions
  7 rime drakes
  34 demonic crawlers
  12 komodo dragons
  67 yaktaurs
  An ice devil (Pan)
  A purple draconian skeleton (Crypt:1)
  A death yak zombie (Crypt:1)
  9 tormentors (Pan)
  11 freezing wraiths
  4 swamp worm zombies (Swamp:4)
  12 hellwings
  2 minotaur skeletons
  2 tengu conjurers
  3 catoblepas skeletons (Crypt:3)
  A jumping spider (shapeshifter) (Vaults:1)
  12 red devils
  A troll (shapeshifter) (Depths:3)
  6 polar bears
  2 hydra zombies (Swamp:4)
  2 meliai (shapeshifter) (Elf:3)
  An ettin zombie (Vaults:4)
  28 jumping spiders
  13 tyrant leeches
  31 hornets
  11 trolls
  2 death drake skeletons (Crypt:3)
  A queen bee (shapeshifter) (Elf:3)
  2 spectral swamp dragons (Swamp:4)
  6 raiju
  2 shadow dragon simulacra
  7 dream sheep (Lair:6)
  17 blink frogs
  10 bog bodies
  A harpy skeleton (Crypt:2)
  98 slime creatures
  A dream sheep (shapeshifter) (Vaults:4)
  A human simulacrum (Vaults:3)
  3 hydra skeletons
  A frost giant simulacrum (Crypt:1)
  4 alligator zombies
  10 flying skulls
  A spriggan skeleton (D:15)
  2 ice dragon skeletons
  2 ettin skeletons
  2 fire dragon skeletons
  A snapping turtle (shapeshifter) (Vaults:1)
  10 hippogriffs
  An ice dragon zombie (Crypt:1)
  5 air elementals
  75 redbacks
  A tarantella (shapeshifter) (Elf:2)
  7 shadows
  13 water elementals
  A hog (Swamp:2)
  41 tarantellas
  50 yaks
  5 wyverns
  3 basilisks
  15 ynoxinuls
  9 fire elementals
  A hog (shapeshifter) (Depths:4)
  A hungry ghost (D:7)
  19 wraiths
  3 golden eyes (Slime:5)
  A fire bat (Abyss:2)
  2 steam dragons
  17 neqoxecs
  21 vampire mosquitoes
  13 chaos spawn
  10 wargs
  Grum (D:11)
  A basilisk (shapeshifter) (Vaults:2)
  Menkaure (D:4)
  4 spatial vortices
  21 insubstantial wisps
  18 swamp worms
  A tengu zombie (D:15)
  10 water moccasins
  24 large abominations
  7 soldier ants (Lair:2)
  A water nymph zombie (Crypt:1)
  A water moccasin (shapeshifter) (Depths:1)
  A spiny frog zombie (Crypt:1)
  A floating eye (Depths:4)
  A deep troll skeleton (Crypt:2)
  8 porcupines
  A porcupine (shapeshifter) (Depths:2)
  A merfolk skeleton (Crypt:3)
  5 swamp drakes
  A hell hound (Spider:3)
  Duvessa (D:7)
  5 swamp dragon zombies (Swamp:4)
  A two-headed ogre skeleton (Crypt:2)
  8 ice beasts
  A black bear (D:5)
  A spiny frog skeleton (Crypt:1)
  7 eyes of draining
  8 starcursed masses
  8 necrophages
  9 phantoms
  7 sky beasts
  46 orc warriors
  A boggart (Vaults:3)
  8 centaurs
  37 ogres
  14 wolves
  3 snapping turtle skeletons (Pan)
  13 crocodiles
  A manticore skeleton (Pan)
  Blork the orc (D:4)
  3 big kobolds
  A draconian zombie (Crypt:1)
  16 bullfrogs
  A water moccasin zombie (Crypt:2)
  5 earth elementals
  3 scorpions
  Dowan (D:7)
  28 wights
  A yak skeleton (Crypt:3)
  4 electric eels
  3 howler monkeys
  10 crimson imps
  3 bullfrog zombies
  A centaur zombie (D:7)
  4 quasits
  A bullfrog skeleton (D:11)
  28 orc priests
  4 hounds
  11 jellies
  2 centaur skeletons
  8 iguanas
  33 orc wizards
  36 worker ants
  3 spectral swamp drakes (Swamp:4)
  A porcupine skeleton (Crypt:1)
  A tengu skeleton (Crypt:3)
  A hound zombie (Crypt:1)
  A hound skeleton (D:9)
  A worker ant zombie (D:6)
  2 howler monkey zombies
  Robin (D:2)
  11 gnolls
  13 adders
  4 shadow imps
  An ufetubus (Abyss:1)
  7 oozes
  2 adder zombies
  An adder skeleton (D:4)
  A halfling skeleton (Crypt:3)
  4 worms
  A barachi zombie (Crypt:3)
  3 dart slugs
  5 leopard geckos
  110 orcs
  8 bats
  5 giant cockroaches
  15 goblins
  A hobgoblin (shapeshifter) (Elf:2)
  13 hobgoblins
  9 jackals
  4 quokkas
  A ball python (D:1)
  8 frilled lizards
  A goblin zombie (Crypt:2)
  17 kobolds
  A leopard gecko zombie (D:5)
  An orc zombie (Crypt:1)
  2 quokka skeletons
  17 rats
  2 crawling corpses (Elf:3)
  7 fungi
  6 plants
  3 starspawn tentacles (Abyss:2)
3213 creatures vanquished.

Vanquished Creatures (collateral kills)
  A caustic shrike (Depths:5)
1 creature vanquished.

Vanquished Creatures (others)
  A pandemonium lord (Pan)
  A vault warden (Vaults:3)
  An ogre mage (Vaults:2)
  A skeletal warrior (Crypt:3)
  2 deep elf archers (Elf:1)
  An ironbrand convoker (Vaults:3)
  A moth of wrath (Zot:4)
  A red devil (Pan)
  7 yaktaurs
  A yaktaur (shapeshifter) (Elf:2)
  A slime creature (Slime:3)
  A vampire (D:13)
  An insubstantial wisp (Swamp:4)
  A spatial vortex (Abyss:3)
  An ogre (Vaults:2)
  A centaur (D:12)
  An orc (Orc:2)
  A goblin (D:2)
  11 fungi
  9 plants
  3 starspawn tentacles
  2 withered plants (Spider:2)
50 creatures vanquished.

Grand Total: 3264 creatures vanquished

Notes
Turn   | Place    | Note
-------+----------+-------------------------------------------
     0 | D:1      | Mgcat the Ogre Fighter began the quest for the Orb.
     0 | D:1      | Reached XP level 1. HP: 24/24 MP: 1/1
   142 | D:1      | Reached XP level 2. HP: 32/32 MP: 2/2
   579 | D:1      | Reached XP level 3. HP: 33/40 MP: 3/3
   797 | D:2      | Noticed Robin
   807 | D:2      | Reached skill level 3 in Shields
   808 | D:2      | Reached skill level 3 in Dodging
   815 | D:2      | HP: 9/40 [adder (5)]
   816 | D:2      | HP: 3/40 [adder (5)]
   817 | D:2      | Reached skill level 1 in Armour
   836 | D:2      | HP: 3/40 [goblin[Robin] (2)]
  1150 | D:2      | Killed Robin
  1150 | D:2      | Reached XP level 4. HP: 34/49 MP: 4/4
  1437 | D:2      | Found a blossoming altar of Fedhas.
  1564 | D:2      | Found a burning altar of Makhleb.
  1564 | D:2      | Found a white marble altar of Elyvilon.
  1564 | D:2      | Found an ornate altar of the Wu Jian Council.
  1564 | D:2      | Found an ancient bone altar of Kikubaaqudgha.
  1573 | D:2      | Found a hide-covered altar of Uskayaw.
  1578 | D:2      | Found an iron altar of Okawaru.
  1598 | D:2      | Became a worshipper of Warmaster Okawaru
  1834 | D:3      | Found a glowing silver altar of Zin.
  1898 | D:3      | HP: 12/49 [something (3)]
  1901 | D:3      | Reached XP level 5. HP: 12/55 MP: 5/5
  2642 | D:3      | Gained mutation: Your system is resistant to poisons.
                  | (rPois) [potion of mutation]
  2642 | D:3      | Gained mutation: Your magical capacity is low. (-10% MP)
                  | [potion of mutation]
  2642 | D:3      | Lost mutation: Your magical capacity is low. (-10% MP)
                  | [potion of mutation]
  2642 | D:3      | Gained mutation: You are partially covered in yellow
                  | scales. (AC +2) [potion of mutation]
  2645 | D:3      | Reached skill level 5 in Fighting
  2645 | D:3      | Reached skill level 3 in Axes
  2645 | D:3      | Reached skill level 1 in Invocations
  2654 | D:3      | HP: 14/57 [kobold (3)]
  2662 | D:3      | HP: 12/57 [poisoned by an adder]
  2670 | D:3      | HP: 11/57 [poisoned by an adder]
  2971 | D:3      | Reached XP level 6. HP: 28/66 MP: 7/7
  3250 | D:3      | Found a shadowy altar of Dithmenos.
  3580 | D:4      | Noticed Blork the orc
  3582 | D:4      | Noticed Menkaure
  3584 | D:4      | Killed Blork the orc
  3592 | D:4      | Killed Menkaure
  3592 | D:4      | Reached * piety under Okawaru
  3592 | D:4      | Reached skill level 2 in Armour
  3592 | D:4      | Reached skill level 2 in Invocations
  3592 | D:4      | Reached XP level 7. HP: 72/72 MP: 8/8
  4062 | D:4      | HP: 17/74 [orc priest/+1 falchion of protection (6)]
  4478 | D:4      | Reached skill level 4 in Shields
  4565 | D:4      | Reached skill level 4 in Dodging
  4901 | D:5      | Entered Level 5 of the Dungeon
  4961 | D:5      | Reached skill level 6 in Fighting
  5033 | D:5      | Reached ** piety under Okawaru
  5365 | D:5      | Found a sparkling altar of Nemelex Xobeh.
  5725 | D:6      | Reached skill level 4 in Axes
  5725 | D:6      | Reached skill level 3 in Invocations
  5726 | D:6      | HP: 14/75 [something (6)]
  5732 | D:5      | HP: 14/75 [something (6)]
  5985 | D:5      | Reached XP level 8. HP: 47/83 MP: 10/10
  6165 | D:5      | Reached skill level 3 in Armour
  7098 | D:6      | HP: 17/84 [sky beast (6)]
  7099 | D:6      | Reached skill level 4 in Invocations
  7382 | D:6      | Reached *** piety under Okawaru
  7382 | D:6      | Reached skill level 7 in Fighting
  7465 | D:6      | Found a deep blue altar of Sif Muna.
  7696 | D:7      | Noticed Dowan
  7715 | D:7      | Reached skill level 5 in Dodging
  7715 | D:7      | Reached skill level 5 in Shields
  7715 | D:7      | Reached XP level 9. HP: 83/92 MP: 10/12
  7722 | D:7      | Reached skill level 5 in Axes
  7743 | D:7      | Killed Dowan
  7783 | D:7      | Found a staircase to the Ecumenical Temple.
  7822 | D:7      | Found a bloodstained altar of Trog.
  7823 | D:7      | Found a sacrificial altar of Ru.
  7860 | D:7      | Reached skill level 4 in Armour
  7877 | D:7      | Found a shimmering altar of Xom.
  8073 | D:7      | Reached skill level 5 in Invocations
  8077 | D:7      | Reached skill level 8 in Fighting
  8129 | D:7      | Noticed Duvessa
  8140 | D:7      | Killed Duvessa
  8625 | D:8      | Found a radiant altar of Vehumet.
  8662 | D:8      | Reached skill level 6 in Axes
  8778 | D:8      | Reached **** piety under Okawaru
  8785 | D:8      | Reached skill level 5 in Armour
  8993 | D:8      | Reached skill level 9 in Fighting
  9135 | D:8      | HP: 11/97 [orc priest/divine providence (15)]
  9473 | D:8      | Reached XP level 10. HP: 91/106 MP: 14/14
  9666 | D:8      | Found a runed translucent door.
  9667 | D:8      | Noticed Folque's ghost (novice DrEE)
  9670 | D:8      | Identified the cursed +1 spear of the Heavens {elec, rElec
                  | rPois rN+ Str+2}
  9784 | D:8      | Reached skill level 6 in Invocations
 10167 | D:9      | Found Zohyublu's Book Shoppe.
 10306 | D:9      | Reached skill level 7 in Axes
 10519 | D:9      | Found a glowing golden altar of the Shining One.
 10585 | D:9      | Reached skill level 10 in Fighting
 10869 | D:9      | Reached skill level 7 in Invocations
 11408 | D:9      | Reached ***** piety under Okawaru
 11408 | D:9      | Reached skill level 8 in Axes
 11434 | D:9      | HP: 20/108 [electric eel/bolt of electricity (9)]
 11707 | D:9      | Found a staircase to the Orcish Mines.
 12076 | D:9      | Reached skill level 8 in Invocations
 12227 | D:10     | Entered Level 10 of the Dungeon
 12381 | D:10     | Found a flagged portal.
 12410 | Bailey   | Entered a bailey
 12786 | D:10     | Reached XP level 11. HP: 115/115 MP: 17/17
 12888 | D:10     | Reached skill level 9 in Axes
 12933 | D:10     | Noticed a two-headed ogre
 12944 | D:10     | Killed a two-headed ogre
 12944 | D:10     | Reached skill level 9 in Invocations
 13131 | D:10     | Noticed a two-headed ogre
 13137 | D:10     | Killed a two-headed ogre
 13284 | D:10     | Killed an unseen horror
 13284 | D:10     | Received a gift from Okawaru
 13529 | D:10     | Got a shadowed robe {god gift}
 13540 | D:10     | Identified the +1 robe of Dawn {Str+6 Dex+3} (Okawaru
                  | gifted it to you on level 10 of the Dungeon)
 13590 | D:11     | You fall through a shaft for 2 floors!
 13959 | D:11     | Reached skill level 10 in Axes
 13959 | D:11     | Reached skill level 10 in Invocations
 14259 | D:11     | Found an ornate altar of the Wu Jian Council.
 14374 | D:11     | Found a staircase to the Lair.
 14389 | D:11     | Noticed Grum
 14423 | D:11     | Killed Grum
 14679 | D:11     | Reached skill level 11 in Axes
 14686 | D:11     | HP: 19/115 [yak (11)]
 14688 | D:11     | HP: 8/115 [yak (12)]
 15186 | D:11     | Noticed a manticore
 15194 | D:11     | Killed a manticore
 15390 | D:11     | Noticed a manticore
 15401 | D:11     | Killed a manticore
 15440 | D:11     | Reached skill level 12 in Axes
 15690 | Lair:1   | Entered Level 1 of the Lair of Beasts
 15697 | Lair:1   | Reached XP level 12. HP: 124/124 MP: 19/19
 15911 | Lair:1   | Noticed a five-headed hydra
 15930 | Lair:1   | HP: 27/124 [nine-headed hydra (7)]
 16205 | Lair:2   | Found a frozen archway.
 16209 | Lair:2   | Noticed Erica
 16217 | Lair:2   | Killed Erica
 16235 | IceCv    | Entered an ice cave
 16282 | IceCv    | Received a gift from Okawaru
 16282 | IceCv    | Reached skill level 13 in Axes
 16730 | IceCv    | HP: 22/126 [ice beast[an ice statue] (11)]
 16735 | IceCv    | HP: 19/126 [ice beast[an ice statue] (4)]
 17866 | Lair:2   | Noticed a queen ant
 17873 | Lair:2   | Killed a queen ant
 17873 | Lair:2   | Reached skill level 14 in Axes
 18412 | Lair:3   | Reached ****** piety under Okawaru
 19111 | Lair:3   | Found a runed translucent gate.
 19111 | Lair:3   | Found a runed translucent gate.
 19112 | Lair:3   | Found a runed translucent gate.
 19113 | Lair:3   | Noticed Feulaj's ghost (journeyman MiBe)
 19114 | Lair:3   | Found a viscous altar of Jiyva.
 19142 | Lair:3   | Received a gift from Okawaru
 19312 | Lair:3   | Reached XP level 13. HP: 122/135 MP: 20/20
 19377 | Lair:3   | You fall through a shaft for 3 floors!
 19377 | Lair:6   | Entered Level 6 of the Lair of Beasts
 19395 | Lair:6   | Reached skill level 6 in Dodging
 19395 | Lair:6   | Reached skill level 6 in Shields
 19396 | Lair:6   | Noticed Josephine
 19406 | Lair:6   | Reached skill level 11 in Fighting
 19419 | Lair:6   | Killed Josephine
 19419 | Lair:6   | Received a gift from Okawaru
 19609 | Lair:5   | Received a gift from Okawaru
 19618 | Lair:5   | HP: 25/137 [death yak (21)]
 19625 | Lair:5   | Reached skill level 7 in Shields
 19629 | Lair:5   | Reached skill level 7 in Dodging
 20006 | Lair:4   | Found a staircase to the Swamp.
 20040 | Lair:5   | Reached skill level 12 in Fighting
 20197 | Lair:5   | HP: 33/140 [one-headed hydra (5)]
 20597 | Lair:4   | Reached skill level 15 in Axes
 20867 | Lair:4   | Received a gift from Okawaru
 20867 | Lair:4   | Reached XP level 14. HP: 83/150 MP: 21/21
 20878 | Lair:4   | Got a brightly glowing cloak {god gift}
 20889 | Lair:4   | Identified the +0 cloak of Nedghixzu {Dex+4} (Okawaru
                  | gifted it to you on level 4 of the Lair of Beasts)
 21493 | Lair:4   | Reached skill level 8 in Shields
 21520 | Lair:4   | Reached skill level 8 in Dodging
 21795 | Lair:4   | Found a hole to the Spider Nest.
 22129 | Lair:5   | HP: 37/150 [14-headed hydra (10)]
 22670 | Lair:5   | Reached skill level 13 in Fighting
 23388 | Lair:6   | Found a staircase to the Slime Pits.
 23398 | Lair:6   | Received a gift from Okawaru
 24213 | Lair:6   | Reached skill level 9 in Shields
 24235 | Lair:6   | Reached skill level 9 in Dodging
 24248 | Lair:6   | Received a gift from Okawaru
 25090 | Orc:1    | Entered Level 1 of the Orcish Mines
 25548 | Orc:2    | Entered Level 2 of the Orcish Mines
 25574 | Orc:2    | Reached skill level 14 in Fighting
 25592 | Orc:2    | Noticed an orc warlord
 25829 | Orc:2    | Reached XP level 15. HP: 150/163 MP: 14/22
 25832 | Orc:2    | Killed an orc warlord
 25856 | Orc:2    | Found Vapif's Jewellery Boutique.
 25893 | Orc:2    | Bought the ring of Phasing {EV+8} for 1792 gold pieces
 25893 | Orc:2    | Found the ring of Phasing {EV+8}
 25928 | Orc:2    | Found Hais's General Store.
 25936 | Orc:2    | Noticed an orc warlord
 25942 | Orc:2    | Reached skill level 16 in Axes
 25958 | Orc:2    | Killed an orc warlord
 26005 | Orc:2    | Found Tycoish's Antique Weapon Emporium.
 26016 | Orc:2    | HP: 30/165 [orc knight/+0 great sword (43)]
 26017 | Orc:2    | HP: 10/165 [orc knight/+0 battleaxe (20)]
 26368 | Orc:2    | Found Zaunn's Antique Armour Boutique.
 26441 | Orc:2    | Found a staircase to the Elven Halls.
 26489 | Orc:2    | Bought a scroll of magic mapping for 52 gold pieces
 26592 | Orc:2    | Found a transporter.
 26592 | Orc:2    | Noticed EtherCrawl's ghost (journeyman MfTm)
 26593 | Orc:2    | Found a transporter.
 26612 | Orc:2    | Found the +0 Maxwell's etheric cage {RegenMP+ *Contam rElec
                  | MP+4}
 26682 | Orc:2    | Found a roughly hewn altar of Beogh.
 26752 | Orc:2    | Noticed Nessos
 26756 | Orc:2    | Noticed Nessos
 26756 | Orc:2    | Nessos changed into Nessos the tarantella
 26759 | Orc:2    | Killed Nessos the tarantella
 27535 | D:12     | Reached skill level 10 in Shields
 27675 | D:12     | Reached skill level 10 in Dodging
 27941 | D:12     | Identified a scroll of acquirement
 28022 | D:13     | Reached skill level 15 in Fighting
 28034 | D:13     | Found Itwog's Jewellery Boutique.
 28339 | D:13     | Received a gift from Okawaru
 28410 | D:13     | Got a twisted robe {god gift}
 28773 | D:14     | Found a gate to the Vaults.
 29165 | D:14     | Reached skill level 11 in Shields
 29165 | D:14     | Reached XP level 16. HP: 168/176 MP: 23/23
 29329 | D:14     | Reached skill level 17 in Axes
 29687 | D:15     | Entered Level 15 of the Dungeon
 29985 | D:15     | Received a gift from Okawaru
 30023 | D:15     | Got a pitted large shield {god gift}
 30034 | D:15     | Identified the +0 large shield of Distant Worlds {rElec
                  | rN++} (Okawaru gifted it to you on level 15 of the Dungeon)
 30142 | D:15     | Found a staircase to the Depths.
 30278 | D:15     | Found a runed translucent gate.
 30279 | D:15     | Found a runed translucent gate.
 30280 | D:15     | Found a runed translucent gate.
 30284 | D:15     | Noticed Wounkef's ghost (journeyman OpGl)
 30321 | D:15     | Found an iron altar of Okawaru.
 30784 | Swamp:1  | Entered Level 1 of the Swamp
 30797 | Swamp:1  | Reached skill level 12 in Shields
 30815 | Swamp:1  | Paralysed by a hornet for 1 turns
 31882 | Swamp:2  | Reached skill level 18 in Axes
 31990 | Swamp:2  | Received a gift from Okawaru
 32118 | Swamp:2  | Noticed Kirke
 32138 | Swamp:2  | Killed Kirke
 32138 | Swamp:2  | Reached skill level 13 in Shields
 32456 | Swamp:3  | Reached XP level 17. HP: 169/184 MP: 24/24
 32478 | Swamp:3  | Received a gift from Okawaru
 32504 | Swamp:3  | Got a slimy broad axe {god gift}
 32505 | Swamp:3  | Identified the +4 broad axe of the Pit {chop, rElec rPois
                  | Str+5 SInv} (Okawaru gifted it to you on level 3 of the
                  | Swamp)
 32729 | Swamp:3  | Reached skill level 14 in Shields
 33360 | Swamp:4  | Entered Level 4 of the Swamp
 34125 | D:8      | Killed Folque's ghost
 34401 | Lair:1   | Reached skill level 1 in Throwing
 35065 | Lair:4   | Reached skill level 2 in Throwing
 35089 | Spider:1 | Entered Level 1 of the Spider Nest
 35097 | Spider:1 | Received a gift from Okawaru
 35256 | Spider:1 | Reached skill level 3 in Throwing
 35697 | Orc:2    | Bought a cursed -3 ring of protection for 28 gold pieces
 35697 | Orc:2    | Bought an uncursed amulet of guardian spirit for 420 gold
                  | pieces
 35952 | Spider:1 | Reached skill level 4 in Throwing
 35959 | Spider:1 | Got an ominously black robe
 35963 | Spider:1 | Got a twitching glass ring
 35969 | Spider:1 | Identified the ring of Ascent {Ice rN+} (You acquired it on
                  | level 1 of the Spider Nest)
 36434 | Spider:2 | Reached skill level 5 in Throwing
 36486 | Spider:2 | Reached skill level 15 in Shields
 36607 | Spider:2 | Reached skill level 6 in Throwing
 36664 | Spider:2 | Found a runed translucent door.
 36664 | Spider:2 | Noticed feelmyfire's ghost (adept DrTm)
 36715 | Spider:2 | Reached skill level 7 in Throwing
 37310 | Spider:3 | Noticed Azrael
 37329 | Spider:3 | Killed Azrael
 37329 | Spider:3 | Received a gift from Okawaru
 37329 | Spider:3 | Reached skill level 8 in Throwing
 37329 | Spider:3 | Reached XP level 18. HP: 132/193 MP: 17/25
 37350 | Spider:2 | HP: 48/193 [wolf spider (9)]
 37858 | Spider:3 | Reached skill level 9 in Throwing
 38287 | Spider:4 | Entered Level 4 of the Spider Nest
 38287 | Spider:4 | Noticed Asterion
 38294 | Spider:4 | Noticed Louise
 38313 | Spider:4 | Killed Louise
 38313 | Spider:4 | Reached skill level 10 in Throwing
 38324 | Spider:4 | Killed Asterion
 38820 | Spider:4 | Reached skill level 11 in Throwing
 39266 | Spider:4 | Reached skill level 12 in Throwing
 39446 | Spider:4 | Received a gift from Okawaru
 39701 | Spider:4 | Received a gift from Okawaru
 39708 | Spider:4 | Received a gift from Okawaru
 39734 | Spider:4 | Reached skill level 13 in Throwing
 39959 | Spider:4 | Got a slimy war axe {god gift}
 39960 | Spider:4 | Identified the +10 war axe of the Four Deaths {vamp, *Rage
                  | Str+2 Stlth+} (Okawaru gifted it to you on level 4 of the
                  | Spider Nest)
 39975 | Spider:4 | Got a gossamer rune of Zot
 40469 | Swamp:4  | Received a gift from Okawaru
 40831 | Swamp:4  | Reached XP level 19. HP: 200/200 MP: 26/26
 40852 | Swamp:4  | Reached skill level 1 in Evocations
 40869 | Swamp:4  | Received a gift from Okawaru
 40904 | Swamp:4  | Reached skill level 2 in Evocations
 40911 | Swamp:4  | Reached skill level 14 in Throwing
 40914 | Swamp:4  | Noticed a bone dragon
 40931 | Swamp:4  | Killed a bone dragon
 40931 | Swamp:4  | Reached skill level 3 in Evocations
 40959 | Swamp:4  | Got a decaying rune of Zot
 41372 | Vaults:1 | Entered Level 1 of the Vaults
 41430 | Vaults:1 | Reached skill level 1 in Spellcasting
 41457 | Vaults:1 | Reached skill level 2 in Spellcasting
 41478 | Vaults:1 | Received a gift from Okawaru
 41478 | Vaults:1 | Reached skill level 4 in Evocations
 41666 | Vaults:1 | Reached skill level 3 in Spellcasting
 41775 | Vaults:1 | Reached skill level 4 in Spellcasting
 41876 | Vaults:1 | Reached skill level 5 in Evocations
 41888 | Vaults:1 | Reached skill level 5 in Spellcasting
 42059 | Vaults:1 | Received a gift from Okawaru
 42059 | Vaults:1 | Reached skill level 6 in Spellcasting
 42072 | Vaults:1 | Reached skill level 6 in Evocations
 42236 | Vaults:1 | Received a gift from Okawaru
 42302 | Vaults:1 | Reached skill level 7 in Spellcasting
 42339 | Vaults:1 | Received a gift from Okawaru
 42560 | Vaults:1 | Found Betasis's Weapon Boutique.
 42869 | Vaults:2 | Reached skill level 7 in Evocations
 42892 | Vaults:2 | Reached skill level 8 in Spellcasting
 42899 | Vaults:2 | Found a flickering gateway to a bazaar.
 42907 | Bazaar   | Entered a bazaar
 42907 | Bazaar   | Found Haton's General Store.
 42907 | Bazaar   | Found Zoddy's Gadget Emporium.
 42925 | Bazaar   | Found Fonolib's Antique Weapon Boutique.
 42948 | Bazaar   | Found Xuproukk's Antique Armour Shoppe.
 42959 | Bazaar   | Found Requbilo's Distillery.
 42967 | Bazaar   | Bought a potion of invisibility for 104 gold pieces
 42967 | Bazaar   | Bought a potion of mutation for 104 gold pieces
 42967 | Bazaar   | Bought a potion of invisibility for 104 gold pieces
 42967 | Bazaar   | Bought a potion of might for 52 gold pieces
 42967 | Bazaar   | Bought a potion of might for 52 gold pieces
 42986 | Bazaar   | Bought a potion of mutation for 72 gold pieces
 42986 | Bazaar   | Bought a wand of enslavement (7) for 81 gold pieces
 42994 | Bazaar   | Bought a wand of scattershot (7) for 528 gold pieces
 42994 | Bazaar   | Bought a wand of acid (12) for 512 gold pieces
 43085 | Vaults:2 | Reached XP level 20. HP: 208/208 MP: 32/32
 43241 | Vaults:2 | Reached skill level 9 in Spellcasting
 43364 | Vaults:2 | Reached skill level 8 in Evocations
 43957 | Vaults:2 | Reached skill level 10 in Spellcasting
 43965 | Vaults:2 | Received a gift from Okawaru
 43996 | Vaults:2 | Reached skill level 9 in Evocations
 44005 | Vaults:2 | Received a gift from Okawaru
 44416 | Vaults:3 | Reached skill level 10 in Evocations
 44784 | Vaults:3 | Received a gift from Okawaru
 44976 | Vaults:3 | Reached skill level 6 in Armour
 44983 | Vaults:3 | Received a gift from Okawaru
 44993 | Vaults:3 | Got a bloodstained robe {god gift}
 45235 | Vaults:3 | Reached XP level 21. HP: 209/219 MP: 35/35
 45485 | Vaults:3 | Found a staircase to the Crypt.
 45771 | Vaults:4 | Reached skill level 16 in Fighting
 46098 | Vaults:4 | Reached skill level 7 in Armour
 46617 | Vaults:4 | Received a gift from Okawaru
 46678 | Vaults:4 | Received a gift from Okawaru
 46855 | Vaults:4 | Found Exoeruc's General Store.
 46863 | Vaults:4 | Bought a scroll of enchant weapon for 105 gold pieces
 47051 | Vaults:4 | Received a gift from Okawaru
 47068 | Vaults:4 | Received a gift from Okawaru
 47375 | Elf:1    | Entered Level 1 of the Elven Halls
 47920 | Elf:1    | Reached skill level 17 in Fighting
 47987 | Elf:1    | Reached skill level 8 in Armour
 48001 | Elf:1    | Reached skill level 19 in Axes
 48001 | Elf:1    | Reached skill level 15 in Throwing
 48055 | Elf:1    | Noticed Frances
 48069 | Elf:1    | Killed Frances
 48314 | Elf:1    | Found the +3 hat of Pondering {ponderous, MR+ MP+10 Int+5}
 48415 | Elf:1    | Received a gift from Okawaru
 48544 | Elf:2    | Reached XP level 22. HP: 234/234 MP: 36/36
 48694 | Elf:2    | Received a gift from Okawaru
 48858 | Elf:2    | Found Geisuw Pogu's Antique Armour Shoppe.
 48886 | Elf:2    | Noticed Agnes
 48889 | Elf:2    | Cast into level 2 of the Abyss (Agnes)
 48972 | Abyss:2  | Received a gift from Okawaru
 49356 | Elf:2    | Escaped the Abyss
 49511 | Elf:2    | Received a gift from Okawaru
 49524 | Elf:2    | Reached skill level 9 in Armour
 49538 | Elf:2    | Found a huge runed translucent gate.
 49539 | Elf:2    | Found a huge runed translucent gate.
 49540 | Elf:2    | Found a huge runed translucent gate.
 49541 | Elf:2    | Found a huge runed translucent gate.
 49542 | Elf:2    | Found a huge runed translucent gate.
 49730 | Elf:2    | Received a gift from Okawaru
 49730 | Elf:2    | Reached skill level 18 in Fighting
 49737 | Elf:2    | Got a warped robe {god gift}
 49884 | Elf:2    | Got a steaming bone amulet
 49886 | Elf:2    | Identified the amulet "Talucist" {Gourm rC+ Slay+2} (You
                  | found it on level 2 of the Elven Halls)
 50268 | Elf:3    | Entered Level 3 of the Elven Halls
 51135 | Elf:3    | Found Zoyxia's Weapon Emporium.
 51468 | Elf:3    | Identified the Guide on the Twisted Frostbite
 51998 | Elf:3    | Identified the +3 glaive "Tyopric" {chop, MR+ Int-2 Dex+3
                  | SInv}
 52014 | Elf:3    | Reached skill level 16 in Throwing
 52016 | Elf:3    | Reached skill level 10 in Armour
 52068 | Elf:3    | Reached XP level 23. HP: 175/247 MP: 37/37
 52191 | Elf:3    | Identified the ring "Kage" {Ice MR+}
 52263 | Elf:3    | Identified the ring "Xigoif" {rF+ AC+3 Int+3}
 52268 | Elf:3    | Identified the ring of Qojat {rPois MR+ Stlth+}
 52289 | Elf:3    | Identified the ring "Sackal" {rF+ SInv}
 52336 | Elf:3    | Identified the +9 trident of Timodep {freeze, rElec rF+
                  | rC+}
 52336 | Elf:3    | Identified the cursed +1 robe of Eternal Vigilance
                  | {*Corrode +Blink rElec Dex+5}
 52426 | Elf:3    | Identified the ring of Nedwep {+Fly rPois}
 52471 | Elf:3    | Identified Iwuqerai's Papyrus of the Escort
 52842 | Depths:1 | Entered Level 1 of the Depths
 52847 | Depths:1 | Learned a level 3 spell: Regeneration
 52850 | Depths:1 | Learned a level 2 spell: Swiftness
 52861 | Depths:1 | Received a gift from Okawaru
 52898 | Depths:1 | Got an ichor-stained hat {god gift}
 52899 | Depths:1 | Identified the +0 hat of Entitlement {Stlth+} (Okawaru
                  | gifted it to you on level 1 of the Depths)
 53263 | Depths:1 | Reached skill level 1 in Air Magic
 53265 | Depths:1 | Reached skill level 1 in Necromancy
 53268 | Depths:1 | Reached skill level 1 in Charms
 53455 | Depths:1 | Found a gateway to Hell.
 53525 | Depths:1 | Reached skill level 19 in Fighting
 53528 | Depths:1 | Found a portal to a secret trove of treasure.
 53550 | Depths:1 | Reached skill level 2 in Air Magic
 53557 | Depths:1 | Reached skill level 2 in Charms
 53562 | Depths:1 | Reached skill level 2 in Necromancy
 53762 | Depths:1 | Reached skill level 20 in Axes
 54154 | Depths:1 | Found a one-way gate leading to the halls of Pandemonium.
 54310 | Depths:2 | Reached skill level 11 in Armour
 54439 | Depths:2 | Reached skill level 3 in Air Magic
 54597 | Depths:2 | Reached skill level 3 in Charms
 54671 | Depths:2 | Reached skill level 3 in Necromancy
 54714 | Depths:2 | Received a gift from Okawaru
 54988 | Depths:2 | Received a gift from Okawaru
 55157 | Depths:2 | Reached skill level 11 in Spellcasting
 55343 | Depths:2 | Received a gift from Okawaru
 55399 | Depths:2 | Found a one-way gate to the infinite horrors of the Abyss.
 55465 | Depths:2 | Reached skill level 4 in Air Magic
 55544 | Depths:2 | Reached skill level 4 in Charms
 55567 | Depths:2 | Found a burning altar of Makhleb.
 55578 | Depths:2 | Identified Wasor's Papyrus of Augmentations and Blows and
                  | Bruises
 55586 | Depths:2 | Identified the Handbook of Venom and the Frostbite
 55632 | Depths:2 | Found a runed translucent door.
 55634 | Depths:2 | Found a runed translucent door.
 55638 | Depths:2 | Reached skill level 4 in Necromancy
 55943 | Depths:3 | Reached XP level 24. HP: 260/260 MP: 38/38
 56148 | Depths:3 | Reached skill level 12 in Armour
 56452 | Depths:3 | Noticed Xtahua
 56465 | Depths:3 | Killed Xtahua
 56675 | Depths:3 | Reached skill level 5 in Air Magic
 56677 | Depths:3 | Reached skill level 5 in Charms
 56864 | Depths:4 | Received a gift from Okawaru
 56867 | Depths:4 | Reached skill level 5 in Necromancy
 57160 | Depths:4 | Reached skill level 20 in Fighting
 57169 | Depths:4 | Reached skill level 12 in Spellcasting
 57347 | Depths:4 | Identified the +2 faerie dragon scales {rCorr Stlth+}
 57347 | Depths:4 | Noticed the Enchantress
 57365 | Depths:4 | Reached skill level 6 in Charms
 57367 | Depths:4 | Killed the Enchantress
 57371 | Depths:4 | Reached skill level 13 in Armour
 57371 | Depths:4 | Reached skill level 6 in Necromancy
 57837 | Depths:4 | Paralysed by a floating eye for 4 turns
 57999 | Depths:4 | Noticed a caustic shrike
 58013 | Depths:4 | Identified the cursed +1 morningstar "Viloelat" {flame,
                  | *Rage rN+ Int+2 Stlth+}
 58013 | Depths:4 | Identified the cursed +1 leather armour "Koisyari" {MR+
                  | Str+3}
 58057 | Depths:5 | Entered Level 5 of the Depths
 58093 | Depths:5 | Found a gateway to a ziggurat.
 58203 | Depths:5 | Noticed a caustic shrike
 58204 | Depths:5 | Noticed a caustic shrike
 58204 | Depths:5 | Noticed a caustic shrike
 58204 | Depths:5 | Noticed a caustic shrike
 58213 | Depths:5 | Killed a caustic shrike
 58215 | Depths:5 | Killed a caustic shrike
 58215 | Depths:5 | Received a gift from Okawaru
 58215 | Depths:5 | Reached skill level 7 in Charms
 58221 | Depths:5 | Killed a caustic shrike
 58228 | Depths:5 | Killed a caustic shrike
 58228 | Depths:5 | Received a gift from Okawaru
 58228 | Depths:5 | Reached skill level 7 in Necromancy
 58231 | Depths:5 | Reached XP level 25. HP: 197/271 MP: 35/39
 58568 | Depths:5 | Received a gift from Okawaru
 58669 | Depths:5 | Reached skill level 13 in Spellcasting
 58911 | Depths:5 | Found a gate to the Realm of Zot.
 58932 | Depths:5 | Reached skill level 14 in Armour
 59334 | Crypt:1  | Entered Level 1 of the Crypt
 59342 | Crypt:1  | Received a gift from Okawaru
 59374 | Crypt:1  | Got a jewelled hat {god gift}
 59375 | Crypt:1  | Identified the +0 hat of Chill Winds {Str+4 Stlth+}
                  | (Okawaru gifted it to you on level 1 of the Crypt)
 59496 | Crypt:1  | Reached skill level 8 in Charms
 59530 | Crypt:1  | Reached skill level 8 in Necromancy
 59747 | Crypt:1  | Found a runed translucent gate.
 59751 | Crypt:1  | Noticed Xenat's ghost (veteran MiGl)
 59751 | Crypt:1  | Noticed Xenat's ghost (veteran MiGl)
 59752 | Crypt:1  | Found a runed translucent gate.
 59752 | Crypt:1  | Found a runed translucent gate.
 59822 | Crypt:1  | Killed Xenat's ghost
 59868 | Crypt:1  | Killed Xenat's ghost
 60397 | Crypt:1  | Noticed Aizul
 60414 | Crypt:1  | Killed Aizul
 60757 | Crypt:2  | Reached skill level 9 in Charms
 60811 | Crypt:2  | Reached skill level 14 in Spellcasting
 60841 | Crypt:2  | Reached skill level 9 in Necromancy
 60885 | Crypt:2  | Received a gift from Okawaru
 61256 | Crypt:2  | Received a gift from Okawaru
 61294 | Crypt:2  | Received a gift from Okawaru
 61544 | Crypt:3  | Entered Level 3 of the Crypt
 61801 | Crypt:3  | Noticed an ancient lich
 61825 | Crypt:3  | Killed an ancient lich
 61825 | Crypt:3  | Received a gift from Okawaru
 61825 | Crypt:3  | Reached XP level 26. HP: 239/281 MP: 41/41
 61929 | Crypt:3  | Received a gift from Okawaru
 62237 | Crypt:3  | Reached skill level 10 in Charms
 62249 | Crypt:3  | Reached skill level 15 in Armour
 62285 | Crypt:3  | Reached skill level 10 in Necromancy
 62350 | Crypt:3  | Found a staircase to the Tomb.
 62653 | Crypt:3  | Reached skill level 15 in Spellcasting
 62957 | Crypt:3  | Got a steaming graven amulet
 62958 | Crypt:3  | Identified the Almanac of Stolen Souls
 62960 | Crypt:3  | Identified the amulet of Xusadwac {Gourm rC+ Str+4} (You
                  | found it on level 3 of the Crypt)
 63106 | Vaults:5 | Entered Level 5 of the Vaults
 63139 | Vaults:5 | Reached skill level 21 in Fighting
 63163 | Vaults:5 | Received a gift from Okawaru
 63278 | Vaults:5 | Noticed an ancient lich
 63301 | Vaults:5 | Reached skill level 16 in Armour
 63325 | Vaults:5 | Identified the +10 flail "With Two Names" {crush, Dex+4}
 63341 | Vaults:5 | Received a gift from Okawaru
 63349 | Vaults:5 | Killed an ancient lich
 63349 | Vaults:5 | Reached skill level 22 in Fighting
 63353 | Vaults:5 | Reached XP level 27. HP: 186/298 MP: 41/42
 63592 | Vaults:5 | Got a faintly glowing broad axe {god gift}
 63593 | Vaults:5 | Identified the +9 broad axe of a treasure trove {chop,
                  | rPois rC+ rN+} (Okawaru gifted it to you on level 5 of the
                  | Vaults)
 63635 | Vaults:5 | Got a smoking granite ring
 63636 | Vaults:5 | Identified the ring "Hemoluw" {Wiz rElec MP+9 Str+3} (You
                  | found it on level 5 of the Vaults)
 63681 | Vaults:5 | Got a silver rune of Zot
 63732 | Vaults:5 | Received a gift from Okawaru
 63745 | Vaults:5 | Got an iridescent broad axe {god gift}
 63746 | Vaults:5 | Identified the +6 broad axe of Tiuss {freeze, Int+3}
                  | (Okawaru gifted it to you on level 5 of the Vaults)
 63904 | Vaults:5 | Got a bloodstained robe
 63906 | Vaults:5 | Identified the Grimoire of Air and Dislocation
 64124 | Vaults:5 | Learned a level 5 spell: Aura of Abjuration
 64901 | Slime:1  | Entered Level 1 of the Pits of Slime
 64954 | Slime:3  | Reached skill level 1 in Summonings
 64989 | Slime:4  | Gained mutation: Armour fits poorly on your strangely
                  | shaped body. [a shining eye]
 65117 | Slime:4  | Reached skill level 17 in Armour
 65117 | Slime:4  | Reached skill level 2 in Summonings
 65159 | Slime:5  | Entered Level 5 of the Pits of Slime
 65183 | Slime:5  | Reached skill level 23 in Fighting
 65444 | Slime:5  | Found a viscous altar of Jiyva.
 65444 | Slime:5  | Noticed the Royal Jelly
 65472 | Slime:5  | Reached skill level 3 in Summonings
 65476 | Slime:5  | Killed the Royal Jelly
 65476 | Slime:5  | Received a gift from Okawaru
 65514 | Slime:5  | HP: 55/303 [titanic slime creature (52)]
 65521 | Slime:5  | Received a gift from Okawaru
 65573 | Slime:4  | Gained mutation: You occasionally shout uncontrollably at
                  | your foes. [a shining eye]
 65805 | Slime:4  | Reached skill level 4 in Summonings
 66015 | Slime:5  | Gained mutation: You are weak. (Str -2) [a shining eye]
 66072 | Slime:5  | Got a slimy rune of Zot
 66097 | Slime:5  | Got a sapphire broad axe
 66098 | Slime:5  | Identified the cursed +1 broad axe of Qiaxkiaj {elec, rElec
                  | MR+ Int+4 Stlth+} (You found it on level 5 of the Pits of
                  | Slime)
 66142 | Slime:5  | Got a translucent copper ring
 66143 | Slime:5  | Identified the ring of Zeugrig {rElec rN+ Dex+2 Stlth+}
                  | (You found it on level 5 of the Pits of Slime)
 66152 | Slime:5  | Got a wavering pewter ring
 66153 | Slime:5  | Identified the ring of Ejosseoc {MR+ Dex+5} (You found it
                  | on level 5 of the Pits of Slime)
 66578 | Zot:1    | Entered Level 1 of the Realm of Zot
 66706 | Zot:1    | Reached skill level 16 in Shields
 66849 | Zot:1    | Noticed an orb of fire
 66860 | Zot:1    | Gained mutation: Scrolls take you a little longer to read.
                  | [an orb of fire]
 66876 | Zot:1    | Killed an orb of fire
 66909 | Zot:1    | Reached skill level 5 in Summonings
 67295 | Zot:1    | Received a gift from Okawaru
 67695 | Zot:2    | Reached skill level 6 in Summonings
 68842 | Zot:2    | Reached skill level 17 in Shields
 69256 | Zot:3    | Got a transparent wooden ring
 69259 | Zot:3    | Identified the ring of Xom's Condemnation {+Fly rPois rC+
                  | MR+++ Str-2} (You found it on level 3 of the Realm of Zot)
 69268 | Zot:3    | You fall through a shaft!
 69313 | Zot:4    | Reached skill level 24 in Fighting
 69421 | Zot:3    | Reached skill level 7 in Summonings
 69448 | Zot:3    | Reached skill level 21 in Axes
 69825 | Zot:3    | Received a gift from Okawaru
 70304 | Zot:3    | Reached skill level 18 in Armour
 70603 | Zot:4    | Reached skill level 8 in Summonings
 71249 | Zot:4    | Received a gift from Okawaru
 71259 | Zot:4    | Reached skill level 18 in Shields
 71285 | Zot:4    | Received a gift from Okawaru
 71545 | Zot:4    | Received a gift from Okawaru
 72027 | Zot:5    | Entered Level 5 of the Realm of Zot
 72089 | Zot:5    | Received a gift from Okawaru
 72090 | Zot:5    | Reached skill level 9 in Summonings
 72463 | Zot:5    | Received a gift from Okawaru
 72811 | Zot:5    | Received a gift from Okawaru
 72997 | Zot:5    | Received a gift from Okawaru
 73033 | Zot:5    | Received a gift from Okawaru
 73033 | Zot:5    | Reached skill level 25 in Fighting
 73145 | Zot:5    | Got a thick robe {god gift}
 73255 | Zot:5    | Noticed an ancient lich
 73271 | Zot:5    | Killed an ancient lich
 73525 | Zot:5    | Noticed an orb of fire
 73530 | Zot:5    | Gained mutation: Scrolls take you longer to read. [an orb
                  | of fire]
 73541 | Zot:5    | Gained mutation: Scrolls take you much longer to read. [an
                  | orb of fire]
 73542 | Zot:5    | Killed an orb of fire
 74013 | Zot:5    | Reached skill level 10 in Summonings
 74408 | Zot:5    | Noticed an orb of fire
 74409 | Zot:5    | Noticed an ancient lich
 74414 | Zot:5    | Gained mutation: Potions are less effective at restoring
                  | your health. [an orb of fire]
 74427 | Zot:5    | Killed an orb of fire
 74433 | Zot:5    | Killed an ancient lich
 74433 | Zot:5    | Reached skill level 22 in Axes
 74460 | Zot:5    | Received a gift from Okawaru
 74474 | Zot:5    | Noticed an ancient lich
 74483 | Zot:5    | Killed an ancient lich
 74507 | Zot:5    | Noticed an ancient lich
 74517 | Zot:5    | Killed an ancient lich
 74517 | Zot:5    | Reached skill level 11 in Summonings
 74538 | Zot:5    | Reached skill level 19 in Shields
 75106 | Zot:2    | Reached skill level 19 in Armour
 75752 | Elf:2    | Found Geisuw Pogu's Antique Armour Shoppe.
 75903 | Elf:2    | Killed Agnes
 76355 | Depths:2 | Voluntarily entered the Abyss.
 76660 | Abyss:3  | Found a corrupted altar of Lugonu.
 76685 | Abyss:3  | Found a corrupted altar of Lugonu.
 76778 | Abyss:3  | Found a basalt altar of Yredelemnul.
 76786 | Abyss:3  | Reached skill level 26 in Fighting
 76811 | Abyss:3  | Received a gift from Okawaru
 76812 | Abyss:3  | Found a corrupted altar of Lugonu.
 76822 | Abyss:3  | Got an abyssal rune of Zot
 76847 | Depths:2 | Escaped the Abyss
 77116 | Pan      | Entered Pandemonium
 77463 | Pan      | HP: 68/312 [torturous warmonger/+2 demon trident of flaming
                  | (19)]
 77466 | Pan      | HP: 31/312 [torturous warmonger/+2 demon trident of flaming
                  | (11)]
 77484 | Pan      | HP: 39/318 [torturous warmonger's spines (5)]
 77557 | Pan      | HP: 68/318 [??? (34)]
 77562 | Pan      | HP: 47/318 [??? (23)]
 78019 | Pan      | Reached skill level 12 in Summonings
 78474 | Pan      | Noticed Cokhlam the pandemonium lord
 78507 | Pan      | Killed Cokhlam the pandemonium lord
 79776 | Pan      | Received a gift from Okawaru
 79806 | Pan      | Got a faintly humming large shield {god gift}
 79810 | Pan      | Identified the +8 large shield "Alaoleit" {rElec rPois
                  | Int+3 Stlth-} (Okawaru gifted it to you in Pandemonium)
 79864 | Pan      | Found an exit through the horrors of the Abyss.
 80644 | Pan      | Entered the realm of Gloorx Vloq.
 80938 | Pan      | Found an exit through the horrors of the Abyss.
 81260 | Pan      | Noticed Gloorx Vloq
 81279 | Pan      | Killed Gloorx Vloq
 81646 | Pan      | Got a dark rune of Zot
 81677 | Pan      | Reached skill level 17 in Throwing
 81755 | Pan      | Received a gift from Okawaru
 81794 | Pan      | Reached skill level 13 in Summonings
 81964 | Pan      | Reached skill level 20 in Shields
 82531 | Pan      | Gained mutation: Your body sometimes deteriorates upon
                  | taking damage. [a neqoxec]
 82538 | Pan      | Noticed Qurug the pandemonium lord
 82581 | Pan      | Received a gift from Okawaru
 82606 | Pan      | Killed Qurug the pandemonium lord
 82962 | Pan      | Reached skill level 20 in Armour
 83187 | Pan      | Got a demonic rune of Zot
 83506 | Pan      | Gained mutation: You are dopey. (Int -2) [a neqoxec]
 83509 | Pan      | Gained mutation: You are frail. (-10% HP) [a neqoxec]
 83889 | Pan      | Gained mutation: You are very dopey. (Int -4) [a neqoxec]
 83912 | Pan      | Reached skill level 14 in Summonings
 83960 | Pan      | Found an exit through the horrors of the Abyss.
 84055 | Pan      | Identified the Collected Works on Protection and the
                  | Traveller
 84077 | Pan      | Found a transporter.
 84079 | Pan      | Identified the +5 quarterstaff "Efin" {crush, *Noise Str+5
                  | Dex+2}
 84102 | Pan      | Found a transporter.
 84147 | Pan      | Gained mutation: Your spells are a little easier to cast,
                  | but a little less powerful. [a neqoxec]
 84171 | Pan      | Learned a level 8 spell: Borgnjor's Revivification
 84186 | Pan      | Learned a level 8 spell: Death's Door
 84392 | Pan      | Reached skill level 18 in Throwing
 84634 | Pan      | Noticed Qyicw the pandemonium lord
 84653 | Pan      | Killed Qyicw the pandemonium lord
 84665 | Pan      | Received a gift from Okawaru
 85337 | Pan      | Found an exit through the horrors of the Abyss.
 85838 | Pan      | HP: 70/287 [poisoned by a reaper]
 85842 | Pan      | Reached skill level 11 in Necromancy
 85843 | Pan      | HP: 38/287 [poisoned by a reaper]
 85848 | Pan      | HP: 29/288 [infernal warmonger/+4 demon whip of
                  | electrocution (12)]
 85849 | Pan      | HP: 7/288 [monstrous demonspawn (11)]
 85850 | Pan      | Slain by a red devil

Skill      XL: |  1  2  3  4  5  6  7  8  9 10 11 12 13 14 15 16 17 18 19 20 21 22 23 24 25 26 27 |
---------------+----------------------------------------------------------------------------------+-----
Shields        | 3 4 5 7 9 11 13 15 20 | 20.8
Dodging        | 3 4 5 7 9 10 | 10.0
Armour         | 1 2 3 5 6 8 10 11 13 14 16 20 | 20.0
Fighting       | 5 6 7 9 10 12 14 15 17 18 19 20 22 26 | 26.6
Axes           | 3 4 6 8 12 14 15 16 18 19 20 22 | 22.0
Invocations    | 1 2 3 4 5 8 10 | 10.0
Throwing       | 8 13 14 15 16 18 | 18.4
Evocations     | 7 10 | 10.0
Spellcasting   | 8 10 11 12 14 15 | 15.0
Air Magic      | 4 5 |  5.0
Necromancy     | 4 7 9 10 11 | 11.0
Charms         | 4 7 9 10 | 10.9
Summonings     | 14 | 14.0

Action                   |  1- 3 |  4- 6 |  7- 9 | 10-12 | 13-15 | 16-18 | 19-21 | 22-24 | 25-27 || total
-------------------------+-------+-------+-------+-------+-------+-------+-------+-------+-------++-------
Melee: War axe           |   137 |   192 |   479 |   808 |    58 |   110 |  1518 |   996 |       ||  4298
       Broad axe         |       |       |       |       |  1030 |  1324 |       |   491 |  4360 ||  7205
       Scimitar          |       |       |       |       |    23 |       |       |       |       ||    23
       Hand axe          |       |       |       |       |     4 |       |       |       |       ||     4
       Unarmed           |       |       |       |       |       |       |       |       |     3 ||     3
Throw: Tomahawk          |       |       |       |     5 |     7 |    33 |       |       |       ||    45
       Javelin           |       |       |       |       |       |    30 |    11 |     1 |    68 ||   110
 Cast: Regeneration      |       |       |       |       |       |       |       |     1 |    10 ||    11
       Aura of Abjuratio |       |       |       |       |       |       |       |       |    10 ||    10
       Swiftness         |       |       |       |       |       |       |       |       |     3 ||     3
Invok: Heroism           |       |       |     4 |     9 |    11 |    12 |     6 |    14 |    54 ||   110
       Finesse           |       |       |       |       |     5 |     3 |     1 |     6 |    19 ||    34
 Abil: Evoke Flight      |       |       |       |       |       |       |       |     2 |       ||     2
Evoke: Wand              |       |     9 |     8 |     4 |    16 |     8 |     3 |     7 |    11 ||    66
       Lamp of fire      |       |       |       |     1 |       |     1 |       |     1 |     1 ||     4
       Sack of spiders   |       |       |       |     3 |       |       |       |       |       ||     3
       Box of beasts     |       |       |       |       |       |       |       |     1 |       ||     1
  Use: Potion            |     1 |     3 |     1 |     3 |     2 |     2 |     1 |     1 |    10 ||    24
       Scroll            |       |     5 |    10 |    19 |     4 |    21 |     5 |     9 |    20 ||    93
 Stab: Sleeping          |     1 |       |     1 |     1 |       |       |       |       |       ||     3
       Distracted        |       |       |     1 |     1 |     1 |       |       |     2 |       ||     5
       Confused          |       |       |       |       |       |     2 |       |     4 |       ||     6
  Eat: Chunk             |       |     9 |    19 |    27 |    22 |    28 |    26 |    38 |    77 ||   246
       Ration            |       |       |     2 |     2 |     3 |     5 |       |     1 |     5 ||    18
Armor: Robe              |    66 |    36 |   157 |    69 |       |       |       |       |       ||   328
       Steam dragon scal |       |       |       |    64 |   157 |       |       |       |       ||   221
       Storm dragon scal |       |       |       |       |    29 |   418 |   246 |   340 |  1148 ||  2181
Dodge: Dodged            |    56 |    70 |   218 |   221 |   289 |   589 |   394 |   470 |  1465 ||  3772
Block: Shield            |    93 |   111 |   247 |   402 |   323 |       |       |       |       ||  1176
       Reflection        |       |       |       |    12 |    25 |    12 |    91 |    20 |       ||   160
       Large shield      |       |       |       |       |   417 |  1519 |  1236 |  1229 |  3612 ||  8013
       Rpst.: Scimitar   |       |       |       |       |     7 |       |       |       |       ||     7

Levels and vault maps discovered:
D:1:      dpeg_arrival_chambers_temple_mockup, layout_basic,
          minmay_rat_gold_closets
D:2:      layout_basic, lemuel_doored_altar, minmay_overflow_temple_hex,
          uniq_robin
D:3:      layout_basic, overflow_temple_1_default, old_standard_altar,
          first_ration, minmay_randomly_rotated_circles
D:4:      minmay_angry_zag, layout_cave_pools, uniq_menkaure, uniq_blork_the_orc
D:5:      layout_loops_ring, lemuel_coloured_pillars_altar,
          serial_co_window_serial, co_window_of_opportunity_a,
          co_window_paths_a, co_window_corner_a, co_window_paths_a,
          co_window_of_opportunity_a, co_window_paths_a,
          co_window_of_opportunity_a, co_window_corner_b, co_window_corner_ca,
          co_window_2corner
D:6:      layout_rooms, kennysheep_mini_moat
D:7:      layout_basic, chequers_temple_overflow_statue_of_worship,
          minmay_temple_entry_grid, kennysheep_nondescript, uniq_duvessa
D:8:      layout_loops_cross, vehumet_crystals, ebering_ghost_funeral_grove
D:9:      layout_roguey, overflow_temple_1_default, erik_orc_2, serial_shops,
          shop, serial_co_window_serial, co_window_cross_1, co_window_corner_a,
          co_window_paths_a, co_window_corner_a, co_window_corner_a,
          co_window_corner_ca, co_window_paths_c, co_window_corner_b,
          co_window_corner_b, co_window_corner_b, co_window_corner_b,
          co_window_paths_e, glass_columns_c, hangedman_little_slice_of_home
D:10:     layout_loops_cross, enter_bailey_1
D:11:     layout_stronghold, grunt_lair_entry_orc_guard_hut, basic_altar,
          uniq_grum
D:12:     layout_long_grid, minmay_misc_feat_iff
D:13:     layout_roguey, serial_shops, shop, dk_noncrumbling_3
D:14:     layout_loops_ring, erik_vaults_2, hex_tiny, serial_bayou_ford_a
D:15:     gammafunk_depths_entry_grave, layout_rooms, moated_statue,
          gammafunk_ghost_fury_of_okawaru
Lair:1:   layout_long_grid, serial_bayou_shore_b, grunt_megastairs_1
Lair:2:   layout_cave_pods, portal_ice_cave_entry_pillars_1, zaba_antful_of_joy,
          uniq_erica
Lair:3:   layout_hall_layers, gammafunk_ghost_ooze
Lair:4:   layout_concentric_octagons, skrybe_swamp_entry_bodies,
          nicolae_spider_entry_orb_guardian
Lair:5:   layout_regular_city, serial_bayou_shore_b, serial_bayou_shore_b
Lair:6:   evilmike_catoblepas_cave, layout_regular_city, slime_dummy,
          uniq_josephine
Swamp:1:  layout_falls_marsh, hangedman_swamp_diagram, infiniplex_staircase_pool
Swamp:2:  layout_basic_swamp, hangedman_swamp_cone, swamp_pool2, worms_lemuel,
          uniq_kirke
Swamp:3:  layout_basic_swamp, evilmike_swamp_ruin_house_4
Swamp:4:  swamp_pestilence, layout_basic_swamp
Spider:1: layout_spider_delve
Spider:2: layout_spider_delve, gammafunk_ghost_grave, hangedman_spider_trapstep
Spider:3: layout_spider_delve, guppyfry_hornet_nest, uniq_azrael
Spider:4: spider_rune_water, uniq_asterion, uniq_louise
Slime:1:  layout_caves
Slime:2:  layout_caves
Slime:3:  layout_caves
Slime:4:  layout_caves
Slime:5
Orc:1:    layout_caves, nicolae_orc_bridge_out
Orc:2:    grunt_orc_gardens, layout_diamond_mine, grunt_orc_garden,
          grunt_orc_garden, grunt_orc_garden, grunt_orc_garden,
          gammafunk_ghost_arena, gauntlet_entry_generic, kennysheep_orc_chapel,
          uniq_nessos
Elf:1:    eino_elf_arrival_customs, layout_geoelf_grid,
          kennysheep_underground_church, uniq_frances
Elf:2:    layout_onion_city, serial_shops, nicolae_shop_trees, uniq_agnes
Elf:3:    minmay_elf_hall_x, layout_loops_corners, serial_shops,
          nicolae_shop_temple_entry_statues_fountains,
          minmay_the_grid_square_5x5_3x3_mashed
          [minmay_the_grid_square_5x5_bridge,
          minmay_the_grid_square_5x5_doubleslash,
          minmay_the_grid_square_5x5_slash,
          minmay_the_grid_square_5x5_three_small,
          minmay_the_grid_square_5x5_megaprize_crossed,
          minmay_the_grid_square_5x5_fancy_junction,
          minmay_the_grid_square_5x5_corner,
          minmay_the_grid_square_5x5_one_wall,
          minmay_the_grid_square_5x5_trominoes]
Vaults:1: nicolae_vaults_circle_grid_b, vaults_dpeg_hooks, st_lattice,
          nicolae_vaults_triangles, hangedman_vaults_capsules, v_misc_25,
          v_misc_3, v_misc_12, nicolae_vaults_little_ls, layout_vaults_omnibox,
          serial_shops, shop
Vaults:2: nicolae_vaults_sealed_display, nicolae_vaults_alarming,
          nicolae_vaults_theta, nicolae_vaults_minivaults, v_misc_8,
          v_alt_pattern_2, v_misc_4, vaults_room_pools,
          nicolae_vaults_shelves_hall, nicolae_vaults_ring_of_whatevers,
          ontoclasm_vaults_fault, layout_vaults_omnicross, serial_shops,
          bzr_entry_water
Vaults:3: dpeg_vaults_monster_box, vaults_mumra_chevron_long,
          hangedman_vaults_stagger, nicolae_vaults_specimen_jars,
          ontoclasm_vaults_shout, v_misc_17, v_misc_19, hangedman_vaults_stream,
          v_misc_23, hangedman_vaults_cutoff, minmay_crypt_entry_simple_box,
          layout_vaults_ring
Vaults:4: v_pattern_5, vaults_mumra_lcd, v_misc_3, nicolae_vaults_rhombus_7,
          nicolae_vaults_big_angled_halls, nicolae_vaults_hallways_thing,
          vaults_room_door_hall, v_misc_2, ontoclasm_vaults_chip,
          grunt_vaults_swirl, layout_vaults_big_room, serial_shops,
          nicolae_shop_trees
Vaults:5
Crypt:1:  layout_regular_city, gammafunk_ghost_cemetery, grunt_ministairs_7,
          minivault_11, uniq_aizul
Crypt:2:  layout_rooms
Crypt:3:  due_elkab, layout_chaotic_city, nicolae_tomb_entry_rubble_hallway
Depths:1: layout_forbidden_donut, rand_demon_pan_entry_9,
          hangedman_abyss_or_decor_lesser_grid, nicolae_trove_entry_crossroad,
          pf_hell_entry_tar_river, chequers_serial_rivers_large_a,
          hangedman_abyss_or_decor_stagger, st_stairs_11, serial_bayou_crossing
Depths:2: evilmike_makhleb_hellhole, layout_cave_pools, abyss_entry, hell_entry,
          serial_sigils_hangedman_stare, minmay_staircase_windowed_small
Depths:3: minmay_skeletal_surprise, layout_twisted_cross, lightli_too_deep,
          pan_entry, infiniplex_staircase_hallway_doors, uniq_xtahua
Depths:4: evilmike_inaccessible_box, layout_long_grid, abyss_entry_crystal,
          rand_demon_pan_entry_8, hell_entry, minmay_misc_feat_roman,
          minmay_staircase_windowed_large, uniq_enchantress
Depths:5: grunt_twist_and_shout, layout_basic, enter_ziggurat_c, hell_entry,
          drop_trap, minmay_splitting_lines, infiniplex_staircase_pool_lava
Zot:1:    layout_basic
Zot:2:    lemuel_draconian_sentries_small, layout_misc_corridors,
          grunt_megastairs_5
Zot:3:    layout_onion_interference
Zot:4:    grunt_zot_stairs_faceoff, layout_basic
Zot:5:    layout_basic
Abyss:1
Abyss:2
Abyss:3:  evilmike_abyss_rune_elephants_shrine
Pan:      rand_demon_6, layout_gridlike, pan_blood_fountain_small
Bazaar:   bazaar_lake
Bailey:   bailey_axe_2, bailey
IceCv:    ice_cave_statue_garden_chambered

Table legend:
 A = Turns spent in this place as a percentage of turns spent in the entire game.
 B = Non-inter-level travel turns spent in this place as a percentage of non-inter-level travel turns spent in the entire game.
 C = Inter-level travel turns spent in this place as a percentage of turns spent in this place.
 D = Turns resting spent in this place as a percentage of non-inter-level travel turns spent in this place.
 E = Turns spent auto-exploring this place as a percentage of non-inter-level travel turns spent in this place.
 F = Non-inter-level travel turns spent in this place divided by the number of levels of this place that you've seen.
                   A       B       C       D       E      F
               +-------+-------+-------+-------+-------+----------------------
         Total | 100.0 | 100.0 |   8.5 |  22.7 |  50.8 | 1106.6
       Dungeon |  24.6 |  23.6 |  12.2 |  25.8 |  55.0 | 1238.2
          Lair |  11.4 |  10.9 |  12.2 |  24.6 |  57.5 | 1429.3
         Swamp |   4.6 |   4.7 |   6.0 |   0.4 |  73.4 | 919.0
   Spider Nest |   5.4 |   5.7 |   4.1 |  31.3 |  39.3 | 1112.0
    Slime Pits |   1.6 |   1.6 |   4.2 |  53.5 |   1.7 | 256.2
  Orcish Mines |   2.8 |   2.6 |  15.4 |  27.7 |  46.9 | 1004.0
   Elven Halls |   5.7 |   5.4 |  13.6 |  16.6 |  53.3 | 1421.0
        Vaults |   8.8 |   8.9 |   7.0 |  15.7 |  50.7 | 1404.8
         Crypt |   4.3 |   4.5 |   6.0 |  13.7 |  44.3 | 1169.0
        Depths |   8.2 |   7.9 |  11.5 |  13.0 |  56.6 | 1246.8
           Zot |  10.1 |  10.4 |   5.1 |  29.7 |  46.4 | 1641.4
         Abyss |   1.1 |   1.2 |   0.0 |   1.7 |  40.8 | 239.8
   Pandemonium |  10.2 |  11.1 |   0.0 |  23.1 |  47.9 | 1247.7
        Bazaar |   0.1 |   0.1 |   0.0 |   0.0 |  56.2 | 105.0
        Bailey |   0.1 |   0.1 |   0.0 |   2.1 |  27.8 |  97.0
      Ice Cave |   1.0 |   1.1 |   0.0 |  81.2 |   1.1 | 878.0
               +-------+-------+-------+-------+-------+----------------------

Table legend:
 A = Kills in this place as a percentage of kills in entire the game.
 B = Kills by you in this place as a percentage of kills by you in the entire game.
 C = Kills by friends in this place as a percentage of kills by friends in the entire game.
 D = Other kills in this place as a percentage of other kills in the entire game.
 E = Experience gained in this place as a percentage of experience gained in the entire game.
 F = Experience gained in this place divided by the number of levels of this place that you have seen.
                   A       B       C       D       E      F
               +-------+-------+-------+-------+-------+----------------------
         Total | 100.0 | 100.0 | 100.0 | 100.0 | 100.0 | 31775.8
       Dungeon |  15.6 |  15.7 |   0.0 |  10.0 |   3.0 | 4552.6
          Lair |   6.8 |   6.9 |   0.0 |   0.0 |   3.0 | 11226.5
         Swamp |   6.0 |   6.1 |   0.0 |   0.0 |   3.3 | 18483.5
   Spider Nest |   7.6 |   7.6 |   0.0 |   0.0 |   4.4 | 24679.2
    Slime Pits |   3.0 |   3.0 |   0.0 |   5.0 |   3.6 | 16196.8
  Orcish Mines |   3.4 |   3.4 |   0.0 |   0.0 |   0.9 | 9956.0
   Elven Halls |   6.1 |   6.0 |   0.0 |  15.0 |   6.6 | 49290.7
        Vaults |  14.4 |  14.2 |   0.0 |  50.0 |  16.7 | 75554.0
         Crypt |   7.0 |   7.0 |   0.0 |   5.0 |   7.8 | 58310.7
        Depths |   8.7 |   8.7 | 100.0 |   0.0 |  11.9 | 53681.8
           Zot |   6.7 |   6.7 |   0.0 |   5.0 |  20.7 | 93238.4
         Abyss |   2.7 |   2.8 |   0.0 |   0.0 |   3.0 | 16863.8
   Pandemonium |  11.4 |  11.4 |   0.0 |  10.0 |  15.2 | 48983.7
        Bailey |   0.3 |   0.3 |   0.0 |   0.0 |   0.0 |  55.0
      Ice Cave |   0.2 |   0.2 |   0.0 |   0.0 |   0.1 | 1318.0
               +-------+-------+-------+-------+-------+----------------------
